AoeStats
← adam

Arena

509158925Analyzed
4v4 RM · 6d ago on Sep 25, 2026· 53m 14s· 8 players
Game mode
Random Map
Map size
Large (8 player)
Population
200
Speed
Normal
Resources
Standard
Victory
Conquest
Starting age
Dark Age
Ending age
Imperial Age
RankedLock teamsTeams togetherTeam positionsShared explorationLock speedFull tech treeHidden civsTurbo modeCheats
Victory
Defeat
🇨🇦 Saxons · Canada
1080
+18
🇲🇽 Byzantines · Mexico
1075
+18
🇨🇳 Inca · China
1072
+18
🇹🇷 Wu · Türkiye
1047
+19
🇦🇷 Britons · Argentina
1191
-22
🇹🇼 Portuguese · Taiwan
1144
-20
🇷🇺 Persians · Russia
1074
-16
🇹🇼 Franks · Taiwan
1045
-15
RaulelPiadoso
9:56 Feudal Age
10:24 Double-Bit Axe
17:21 Castle Age
15:23 Horse Collar
16:08 Loom
20:37 Bow Saw
27:17 Heavy Plow
27:09 Gold Mining
27:46 Fletching
32:32 Imperial Age
30:16 Bodkin Arrow
30:32 Forging
32:17 Pikeman
33:38 Wheelbarrow
34:42 Iron Casting
34:07 Scale Mail Armor
34:46 Squires
34:32 Gambesons
36:20 Two-Man Saw
36:01 Gold Shaft Mining
36:23 Chain Mail Armor
37:01 Halberdier
38:35 Plate Mail Armor
38:27 Hand Cart
41:49 Chemistry
40:22 Elite Varangian Guard
42:42 Crop Rotation
42:09 Stone Mining
43:01 Arson
43:45 Conscription
44:23 Ballistics
44:20 Elite Skirmisher
45:05 Padded Archer Armor
46:40 Bracer
46:55 Leather Archer Armor
51:33 Ring Archer Armor
GR4Y_BE4RD
7:12 Loom
11:54 Feudal Age
15:53 Castle Age
15:39 Forging
15:19 Double-Bit Axe
15:18 Horse Collar
17:10 Bow Saw
20:15 Husbandry
21:46 Town Watch
24:59 Wheelbarrow
25:17 Stone Mining
26:49 Hand Cart
30:15 Imperial Age
28:24 Scale Mail Armor
28:38 Gold Mining
29:59 Chain Mail Armor
31:04 Iron Casting
31:03 Fletching
31:47 Plate Mail Armor
31:08 Fletching
32:01 Shield Wall
33:02 Conscription
33:33 Elite Hearth Troop
36:43 Squires
36:30 Arson
39:31 Pikeman
40:28 Halberdier
49:22 Gambesons
48:57 Man-at-Arms
50:23 Man-at-Arms
52:20 Long Swordsman
squeezecheese21
10:59 Feudal Age
11:28 Double-Bit Axe
11:24 Horse Collar
12:53 Stone Mining
14:02 Wheelbarrow
15:45 Gold Mining
16:58 Town Watch
21:04 Castle Age
18:56 Fletching
19:06 Padded Archer Armor
22:10 Hand Cart
21:56 Bodkin Arrow
22:32 Bow Saw
22:23 Heavy Plow
22:44 Leather Archer Armor
22:11 Pikeman
22:52 Squires
23:05 Forging
22:55 Scale Mail Armor
24:04 Gold Shaft Mining
24:39 Loom
25:53 Iron Casting
26:12 Stone Shaft Mining
27:55 Chain Mail Armor
27:17 Man-at-Arms
32:11 Ballistics
35:42 Imperial Age
34:12 Masonry
33:43 Treadmill Crane
34:02 Arson
35:41 Murder Holes
35:55 Red Cliffs Tactics
35:44 Elite Fire Archer
36:35 Bracer
38:01 Chemistry
39:04 Two-Man Saw
38:50 Conscription
40:54 Halberdier
42:55 Blast Furnace
42:25 Plate Mail Armor
43:46 Sitting Tiger
46:22 Architecture
51:57 Caravan
好邻居
2:19 Loom
11:14 Feudal Age
15:38 Castle Age
14:23 Stone Mining
14:25 Gold Mining
15:08 Double-Bit Axe
17:05 Horse Collar
18:56 Wheelbarrow
20:07 Heavy Plow
20:19 Bow Saw
25:03 Hand Cart
35:45 Imperial Age
34:00 Forging
33:51 Scale Mail Armor
34:32 Gold Shaft Mining
36:42 Iron Casting
36:23 Chain Mail Armor
37:24 Conscription
36:57 Town Watch
38:32 Blast Furnace
37:54 Elite Kamayuk
39:35 Plate Mail Armor
40:03 Fabric Shields
41:55 Hoardings
41:40 Champi Runner
42:20 Squires
42:06 Arson
42:33 Fletching
42:19 Champi Warrior
43:03 Elite Champi Warrior
45:26 Crop Rotation
adam
10:02 Feudal Age
14:11 Castle Age
12:13 Double-Bit Axe
24:38 Scale Barding Armor
24:44 Forging
24:41 Husbandry
33:56 Imperial Age
34:08 Cavalier
35:14 Chain Barding Armor
35:37 Iron Casting
35:59 Gold Mining
36:51 Plate Barding Armor
37:07 Conscription
36:51 Chivalry
37:09 Paladin
37:45 Elite Skirmisher
40:58 Chemistry
41:04 Blast Furnace
39:58 Fletching
43:52 Bodkin Arrow
46:25 Light Cavalry
50:07 Onager
50:11 Heavy Scorpion
PuTao
10:13 Feudal Age
14:03 Castle Age
12:28 Double-Bit Axe
12:25 Horse Collar
20:58 Bow Saw
22:04 Heavy Plow
24:20 Gold Mining
28:32 Imperial Age
25:51 Loom
26:48 Wheelbarrow
27:05 Forging
27:01 Scale Barding Armor
28:16 Iron Casting
28:35 Chain Barding Armor
28:39 Bloodlines
28:29 Husbandry
29:12 Conscription
30:24 Blast Furnace
28:47 Cavalier
30:45 Plate Barding Armor
31:06 Gold Shaft Mining
30:24 Stone Mining
30:22 Savar
34:57 Hoardings
33:52 Sappers
37:36 Light Cavalry
YanYan
10:17 Feudal Age
14:12 Castle Age
12:02 Double-Bit Axe
16:10 Horse Collar
23:52 Gold Mining
24:07 Stone Mining
25:50 Wheelbarrow
28:25 Imperial Age
25:53 Pikeman
26:34 Squires
26:20 Arson
26:34 Loom
27:32 Forging
27:22 Scale Mail Armor
28:01 Gold Shaft Mining
27:37 Bow Saw
28:40 Iron Casting
28:56 Chain Mail Armor
29:03 Hand Cart
30:12 Two-Man Saw
28:35 Halberdier
31:04 Blast Furnace
30:56 Plate Mail Armor
31:01 Conscription
35:09 Chemistry
34:13 Padded Archer Armor
34:03 Fletching
33:36 Elite Longbowman
35:52 Yeomen
36:30 Ballistics
36:26 Bodkin Arrow
36:46 Leather Archer Armor
37:42 Bracer
39:23 Ring Archer Armor
47:17 Elite Skirmisher
50:29 Heavy Scorpion
獨居老毛
11:29 Feudal Age
13:25 Double-Bit Axe
16:23 Castle Age
15:34 Gold Mining
18:31 Bow Saw
22:32 Imperial Age
38:20 Wheelbarrow
40:48 Padded Archer Armor
43:07 Elite Skirmisher
43:39 Fletching
45:15 Bodkin Arrow
47:44 Chemistry
49:26 Loom
Connection lost

Rejoining the realm…

Still unreachable

The connection could not be restored.

Session expired

The server has moved on; the page needs a fresh start.